 Dungeon Crawl Stone Soup version 0.17.0 (webtiles) character file.

45 Cookie the Magician (level 3, 0/19 HPs)
             Began as a Deep Elf Wizard on Nov 10, 2015.
             Slain by an orc
             ... wielding a +0 flail
              (8 damage)
             ... on level 2 of the Dungeon.
             The game lasted 00:04:30 (1868 turns).

Cookie the Magician (Deep Elf Wizard)               Turns: 1868, Time: 00:04:30

Health: 0/19       AC:  2    Str:  4    XL:     3   Next: 42%
Magic:  11/12      EV: 13    Int: 22    God:
Gold:   185        SH:  0    Dex: 14    Spells: 1 memorised, 13 levels left

rFire  . . .     SeeInvis .     e - +0 short sword
rCold  . . .     Clarity  .     a - +0 robe
rNeg   . . .     SustAt   .     (no shield)
rPois  .         Gourm    .     b - +0 hat
rElec  .         Spirit   .     (no cloak)
rCorr  .         Warding  .     (no gloves)
rMut   .         Stasis   .     (no boots)
MR     .....                    (no amulet)
Stlth  ++........               (no ring)
                                (no ring)

@: not resistant to hostile enchantments, unstealthy
A: no striking features
a: no special abilities


You were on level 2 of the Dungeon.
You were hungry.

You visited 1 branch of the dungeon, and saw 3 of its levels.

You collected 185 gold pieces.

Inventory:

Hand Weapons
 e - a +0 short sword (weapon)
Missiles
 h - 4 curare-tipped needles
 s - a throwing net (quivered)
Armour
 a - a +0 robe (worn)
 b - a +0 hat (worn)
 q - a +0 leather armour
Jewellery
 j - an uncursed ring of see invisible {unknown}
 t - a cursed ring of loudness {unknown}
Scrolls
 f - a scroll of teleportation {unknown}
 l - a scroll of magic mapping {unknown}
 m - a scroll of enchant weapon {unknown}
 n - a scroll of enchant armour {unknown}
 r - a scroll of random uselessness {unknown}
 v - a scroll of noise {unknown}
Potions
 i - 2 potions of beneficial mutation {unknown}
 k - a potion of magic {unknown}
 p - 2 potions of agility {unknown}
 u - a potion of haste {unknown}
Books
 c - a book of Minor Magic

   Spells                             Type                      Level
   a - Magic Dart                     Conjuration                  1
   b - Blink                          Translocation                2
   c - Call Imp                       Summoning                    2
   d - Repel Missiles                 Charms/Air                   2
   e - Slow                           Hexes                        2
   f - Conjure Flame                  Conjuration/Fire             3
   g - Mephitic Cloud                 Conjuration/Poison/Air       3
Comestibles
 d - 5 bread rations
 g - a beef jerky
 o - 5 fruits


   Skills:
 - Level 2.4 Dodging
 + Level 2.9 Stealth
 + Level 6.0 Spellcasting
 - Level 1.1 Conjurations
   Level 1.1 Summonings
   Level 1.1 Translocations


You had 13 spell levels left.
You knew the following spells:

 Your Spells              Type           Power        Failure   Level  Hunger
a - Magic Dart            Conj           ##..         8%          1    None


Dungeon Overview and Level Annotations

Branches:
Dungeon (3/15)

Altars:


Message History

The orc suddenly complains, in orcish tradition.
The orc hits you with a flail.
You climb upwards.
There is a stone staircase leading down here.
The orc barely misses you.
Casting: Magic Dart
Confirm with . or Enter, or press ? or * to list all spells.
Aiming: Magic Dart
Press: ? - help, Shift-Dir - straight line, f - orc
Aim: an orc, wielding a flail and wearing a ring mail The magic dart hits the orc.
The orc is lightly wounded.
The orc hits you with a flail.
You hit the orc.
The orc is almost dead.
The orc hits you with a flail.
You hit the orc but do no damage.
The orc is almost dead.
The orc hits you with a flail!
You die...

..##<##.# #...# #.......###)
........# #...# ##.#.##.###.
.###.#### #...####### #.#.##.....
......#####..>......###..........
.###.................####.###....
.###..................##.........
...#.............................
##.##.#####....####.#..#..##.....
##.##.# #...wo@...#..#..##.....
......# #...#######..#..##.....
##.#### #...# ##..#..##.#### ...#
#...# ##.#.....#.##.. #####
#####...# ##.###......##.#
#...###...#...####.##
##รท.......#
.###.#..............###>##.#.....
.# #.(.....#.##..###.#.###.######
.###.#.....#.......##......#


You could see a worm and an orc.

Vanquished Creatures
  3 adders (D:2)
  A giant gecko (D:2)
  2 bats (D:1)
  3 giant cockroaches
  5 hobgoblins
  2 kobolds (D:1)
  2 giant newts (D:1)
  2 goblins (D:1)
  3 rats (D:1)
23 creatures vanquished.

Notes
Turn   | Place    | Note
--------------------------------------------------------------
     0 | D:1      | Cookie the Deep Elf Wizard began the quest for the Orb.
     0 | D:1      | Reached XP level 1. HP: 10/10 MP: 7/7
     7 | D:1      | Noticed a centaur
   371 | D:1      | Reached skill level 5 in Spellcasting
   416 | D:1      | Reached XP level 2. HP: 15/15 MP: 8/10
  1114 | D:2      | Reached XP level 3. HP: 19/19 MP: 8/12
  1740 | D:2      | Reached skill level 6 in Spellcasting
  1868 | D:2      | Slain by an orc

Action                   || total
-------------------------++-------
Melee: Short sword       ||     4
 Cast: Magic Dart        ||    72
  Eat: Chunk             ||     2
